 Dungeon Crawl Stone Soup version 0.30-a0-879-ga8ba668304 (webtiles) character file.

Game seed: 7242821920626951401

26461 112233 the Geomancer (level 13, -18/86 HPs)
             Began as an Octopode Earth Elementalist on Mar 14, 2023.
             Was an Initiate of Gozag.
             Demolished by a culicivora (20 damage)
             ... on level 3 of the Lair of Beasts.
             The game lasted 00:26:45 (21724 turns).

112233 the Geomancer (Octopode Earth Elementalist) Turns: 21724, Time: 00:26:45

Health: -18/86     AC:  6    Str:  7    XL:     13   Next: 26%
Magic:  7/28       EV: 21    Int: 26    God:    Gozag
Gold:   652        SH:  0    Dex: 12    Spells: 22/35 levels left

rFire   . . .      SeeInvis .    Q - +1 falchion of the World {heavy, Int+3}
rCold   + + +      Faith    .    (no shield)
rNeg    + . .      Spirit   .    R - +1 hat of the Wicked God {rC+++ rN+ Regen+ Slay-4}
rPois   .          Reflect  .    I - amulet of magic regeneration
rElec   .          Rampage  .    w - +4 ring of protection
rCorr   .                        x - ring of wizardry
Will    .....                    P - +4 ring of slaying
Stlth   +++                      F - +5 ring of evasion
HPRegen 1.14/turn                (no ring)
MPRegen 0.61/turn                (no ring)
                                 (no ring)
                                 (no ring)

@: lethally poisoned (-18 -> -25), gold aura, studying Shields
A: almost no armour, amphibious, 8 rings, camouflage 1, gelatinous body 1,
(nimble swimmer 1), tentacles
a: Renounce Religion, Potion Petition, Call Merchant, Bribe Branch


You were on level 3 of the Lair of Beasts.
You worshipped Gozag.
Gozag was pleased with you.
You visited 4 branches of the dungeon, and saw 17 of its levels.
You also visited: Sewer.

You collected 4406 gold pieces.
You spent 2132 gold pieces at shops.
You paid 1622 gold pieces to Gozag.

Inventory:

Hand Weapons
 f - a +1 dagger of speed
 z - a +0 lajatang
 Q - the +1 falchion of the World (weapon) {heavy, Int+3}
   (You found it on level 3 of the Lair of Beasts)

   Int:       It affects your intelligence (+3).
Missiles
 K - a throwing net
Armour
 q - an orb of mayhem
 N - a +0 buckler
 R - the +1 hat of the Wicked God (worn) {rC+++ rN+ Regen+ Slay-4}
   (You found it on level 3 of the Lair of Beasts)

   Slay:      It affects your accuracy & damage with ranged weapons and melee
   (-4).
   rC:        It renders you almost immune to cold.
   rN:        It protects you from negative energy.
   Regen:     It increases your rate of health regeneration.
Magical Staves
 M - a staff of earth
Jewellery
 w - a +4 ring of protection (left tentacle)
 x - a ring of wizardry (right tentacle)
 A - an amulet of reflection
 F - a +5 ring of evasion (on tentacle)
 I - an amulet of magic regeneration (around mantle)
 J - an amulet of guardian spirit
 P - a +4 ring of slaying (on tentacle)
Wands
 g - a wand of light (2)
 o - a wand of digging (13)
 p - a wand of polymorph (14)
 v - a wand of paralysis (18)
 C - a wand of iceblast (15)
 L - a wand of flame (25)
Scrolls
 a - a scroll of enchant weapon {unknown}
 b - 4 scrolls of immolation {unknown}
 c - 10 scrolls of identify {unknown}
 d - 2 scrolls of enchant armour
 h - 3 scrolls of butterflies {unknown}
 i - a scroll of blinking {unknown}
 j - 5 scrolls of teleportation
 k - 7 scrolls of vulnerability {unknown}
 l - 2 scrolls of poison {unknown}
 r - 7 scrolls of noise {unknown}
 s - a scroll of magic mapping {unknown}
 u - 3 scrolls of fear {unknown}
 y - 2 scrolls of fog {unknown}
Potions
 e - a potion of cancellation {unknown}
 m - 2 potions of berserk rage
 n - a potion of ambrosia
 t - 4 potions of haste
 B - a potion of attraction {unknown}
 D - a potion of might {unknown}
 E - 5 potions of curing
 G - a potion of brilliance {unknown}
 H - 4 potions of mutation


   Skills:
 + Level 7.5 Fighting
 + Level 8.1 Dodging
 - Level 3.3 Stealth
 - Level 5.0 Shields
 * Level 11.6 Spellcasting
 + Level 7.4 Conjurations
 - Level 1.6 Transmutations
 * Level 12.7 Earth Magic


You had 22 spell levels left.
You knew the following spells:

 Your Spells              Type           Power      Damage    Failure   Level
a - Sandblast             Erth           100%       2d20      0%          1
b - Stone Arrow           Conj/Erth      100%       3d13      1%          3
c - Passwall              Tmut/Erth      42%        N/A       1%          2
d - Blink                 Tloc           30%        N/A       2%          2
e - Irradiate             Conj/Tmut      19%        3d18      7%          5

Your spell library contained the following spells:

 Spells                   Type           Power      Damage    Failure   Level
 Freeze                   Ice            60%        1d7       1%          1
 Slow                     Hex            60%        N/A       1%          1
 Sting                    Tmut/Pois      76%        1d6       1%          1
 Summon Small Mammal      Summ           60%        N/A       1%          1
 Momentum Strike          Conj/Tloc      68%        3d9       1%          2
 Hailstorm                Conj/Ice       34%        3d9       1%          3
 Petrify                  Tmut/Erth      51%        N/A       1%          4
 Cigotuvi's Dreadful Rot  Necr/Pois/Air  30%        N/A       2%          2
 Lesser Beckoning         Tloc           30%        N/A       2%          2
 Poisonous Vapours        Pois/Air       30%        N/A       2%          2
 Call Canine Familiar     Summ           15%        N/A       4%          3
 Confusing Touch          Hex            15%        N/A       4%          3
 Frozen Ramparts          Ice            30%        1d5       4%          3
 Ozocubu's Armour         Ice            15%        N/A       4%          3
 Portal Projectile        Hex/Tloc       30%        N/A       4%          3
 Summon Guardian Golem    Hex/Summ       15%        N/A       4%          3
 Tukima's Dance           Hex            15%        N/A       4%          3
 Vampiric Draining        Necr           15%        2d7       4%          3
 Dispel Undead            Necr           15%        3d10      16%         4
 Olgreb's Toxic Radiance  Pois           15%        N/A       16%         4
 Passage of Golubria      Tloc           15%        N/A       16%         4
 Blade Hands              Tmut           11%        N/A       22%         5
 Yara's Violent Unravell  Hex/Tmut       9%         3d6       30%         5
 Metabolic Englaciation   Hex/Ice        7%         N/A       38%         5
 Silence                  Hex/Air        7%         N/A       38%         5
 Lehudib's Crystal Spear  Conj/Erth      30%        10d8      82%         8
 Death Channel            Necr           7%         N/A       91%         6
 Dragon Form              Tmut           11%        N/A       99%         7
 Ozocubu's Refrigeration  Ice            7%         4d9       100%        7
 Simulacrum               Ice/Necr       Unusable   N/A       N/A         6

Dungeon Overview and Level Annotations

Branches:
Dungeon (12/15)            Temple (1/1) D:5            Lair (3/5) D:8
  Swamp (0/4) Lair:3       Spider (0/4) Lair:3          Orc (1/2) D:12
  Sewer (visited)

Altars:
Ashenzari
Dithmenos
Fedhas
Gozag
Kikubaaqudgha
Makhleb
Nemelex Xobeh
Okawaru
Qazlal
Ru
Sif Muna
Uskayaw
Vehumet
Wu Jian
Xom
Zin
The Shining One

Shops:
D:1 =   D:5 (   D:7 :   D:11 *   Lair:1 :

Annotations:
D:4 Natasha
D:6 exclusion: downstairs
D:9 exclusion: upstairs
D:10 exclusion: upstairs
D:11 exclusions: boulder beetle and upstairs
D:12 exclusion: downstairs
Lair:2 1 runed translucent door


Innate Abilities, Weirdness & Mutations

You cannot wear most types of armour.
You are amphibious.
You can wear up to eight rings at the same time.
Your skin changes colour to match your surroundings (Stealth+).
Your rubbery body absorbs attacks. (AC +1, EV +1)
((You are camouflaged when in or above water. (Stealth+)))
You have tentacles for arms and can constrict up to eight enemies at once.


Message History

Purchase which effect? [a] - 420 gold - haste, curing and magic [b] - 135 gold - heal wounds [c] - 420 gold - resistance and might Purchase which effect? [a] - 420 gold - haste, curing and magic [b] - 135 gold - heal wounds [c] - 420 gold - resistance and might Purchase which effect? [a] - 420 gold - haste, curing and magic [b] - 135 gold - heal wounds [c] - 420 gold - resistance and might Purchase which effect? [a] - 420 gold - haste, curing and magic [b] - 135 gold - heal wounds [c] - 420 gold - resistance and might Purchase which effect? [a] - 420 gold - haste, curing and magic [b] - 135 gold - heal wounds [c] - 420 gold - resistance and might Purchase which effect? [a] - 420 gold - haste, curing and magic [b] - 135 gold - heal wounds [c] - 420 gold - resistance and might Purchase which effect? [a] - 420 gold - haste, curing and magic [b] - 135 gold - heal wounds [c] - 420 gold - resistance and might Purchase which effect? [a] - 420 gold - haste, curing and magic [b] - 135 gold - heal wounds [c] - 420 gold - resistance and might Purchase which effect?
You feel very sick. The redback barely misses you.
The culicivora closely misses you. The redback bites you!
* * * LOW HITPOINT WARNING * * *
The culicivora bites you!!
You die...
Your body crumbles into a pile of gold.

# ### ######## #### ## .
##.##########.#..#.# ...# #.# #^
#................... ..# #.##
.#.##............<...... ..##.#^#
#.#.###...##.....#..#### ..≈...#.
^#....######........#### ..≈.>.^#
#.....s...##..........## ..≈...#.
#....s@........#.....## ..##.##
#.#.#..$..#......#.....# ..# #.#
#.........>.##...### .## #.#
#.....##........PP## .#### ##
#....##.............
....##########.P..###............
.................................
.................................
.................................


You could see a culicivora and a redback.

Vanquished Creatures
  Snorg (D:10)
  A hydra (Lair:2)
  4 two-headed ogres
  A skyshark (Lair:3)
  Pikel (D:4)
  A black mamba (Lair:2)
  A gargoyle (D:11)
  4 cane toads (Lair:2)
  3 rime drakes
  A komodo dragon (Lair:1)
  A polar bear (Lair:2)
  A hornet (D:8)
  A tyrant leech (Lair:3)
  13 blink frogs
  Prince Ribbit (Lair:1)
  Sigmund (D:2)
  A shadow (D:12)
  3 culicivoras (Lair:3)
  4 jumping spiders (Lair:3)
  9 wyverns
  42 yaks
  2 steam dragons
  3 basilisks
  A swamp worm (Lair:3)
  A redback (Lair:3)
  4 acid dragons
  11 water moccasins
  3 orc warriors
  Pargi (Sewer)
  2 ice beasts
  3 black bears
  An ogre (D:6)
  4 centaurs
  A phantom (D:6)
  A lemure (D:4)
  11 bullfrogs
  Blork the orc (D:4)
  2 gnoll sergeants
  7 scorpions
  5 wights (D:7)
  4 killer bees (D:8)
  7 howler monkeys
  2 electric eels (D:9)
  8 hounds
  6 jellies
  4 orc priests
  A gnoll bouda (D:6)
  A sleepcap (D:5)
  Jessica (D:2)
  4 iguanas
  Terence (D:2)
  Natasha (twice) (D:4)
  7 orc wizards
  Robin (D:2)
  12 gnolls
  8 adders
  2 shadow imps
  2 white imps (D:6)
  An ufetubus (D:7)
  2 worms
  3 dart slugs
  35 orcs
  6 bats
  5 endoplasms
  4 giant cockroaches
  19 goblins
  6 hobgoblins
  7 jackals
  3 kobolds (D:1)
  6 quokkas
  13 ball pythons
  4 frilled lizards
  7 rats
353 creatures vanquished.

Vanquished Creatures (others)
  4 bushes
  25 fungi
  35 plants
64 creatures vanquished.

Grand Total: 417 creatures vanquished

Notes
Turn   | Place    | Note
-------+----------+-------------------------------------------
     0 | D:1      | 112233 the Octopode Earth Elementalist began the quest for
                  | the Orb.
     0 | D:1      | Reached XP level 1. HP: 11/11 MP: 3/3
   126 | D:1      | Reached XP level 2. HP: 9/17 MP: 0/5
   199 | D:1      | Found a faded altar of an unknown god.
   717 | D:1      | Found Yleomaah's Jewellery Boutique.
   723 | D:1      | Reached XP level 3. HP: 21/21 MP: 2/6
  1008 | D:2      | Learned a level 3 spell: Stone Arrow
  1011 | D:2      | Learned a level 2 spell: Passwall
  1025 | D:2      | Noticed Jessica
  1032 | D:2      | Killed Jessica
  1033 | D:2      | Reached XP level 4. HP: 27/27 MP: 3/8
  1172 | D:2      | Noticed Robin
  1289 | D:2      | Killed Robin
  1552 | D:2      | Reached skill level 4 in Earth Magic
  1555 | D:2      | Reached XP level 5. HP: 31/31 MP: 4/9
  1765 | D:2      | Noticed Terence
  1769 | D:2      | Killed Terence
  1860 | D:2      | Noticed Sigmund
  1866 | D:2      | Killed Sigmund
  1867 | D:2      | Reached skill level 5 in Earth Magic
  1867 | D:2      | Reached XP level 6. HP: 32/36 MP: 9/12
  2437 | D:3      | Found a shimmering blue altar of Sif Muna.
  2559 | D:3      | Found an ancient bone altar of Kikubaaqudgha.
  2669 | D:3      | Found an ornate altar of the Wu Jian Council.
  3226 | D:4      | Found a glowing drain.
  3293 | D:4      | Noticed Natasha
  3303 | D:4      | Killed Natasha
  3363 | Sewer    | Entered a sewer
  3424 | Sewer    | Noticed Pargi
  3571 | Sewer    | Killed Pargi
  3572 | Sewer    | Reached XP level 7. HP: 40/41 MP: 7/14
  3775 | D:4      | Noticed Pikel
  3807 | D:4      | Killed Pikel
  3808 | D:4      | Reached skill level 5 in Spellcasting
  3808 | D:4      | Reached skill level 6 in Earth Magic
  3808 | D:4      | Reached XP level 8. HP: 23/46 MP: 0/16
  4175 | D:4      | Reached skill level 7 in Earth Magic
  4196 | D:4      | Noticed Natasha
  4198 | D:4      | Noticed Blork the orc
  4199 | D:4      | Killed Natasha
  4204 | D:4      | Killed Blork the orc
  4460 | D:4      | Noticed Natasha
  4622 | D:5      | Entered Level 5 of the Dungeon
  4781 | D:5      | Reached skill level 1 in Fighting
  4781 | D:5      | Reached skill level 1 in Conjurations
  4811 | D:5      | Found Ruminwua's Weapon Shop.
  5148 | D:5      | Reached XP level 9. HP: 41/54 MP: 4/19
  5257 | D:5      | Found a staircase to the Ecumenical Temple.
  5423 | Temple   | Entered the Ecumenical Temple
  5526 | Temple   | Became a worshipper of Gozag Ym Sagoz the Greedy
  5592 | D:6      | Reached skill level 8 in Earth Magic
  7950 | D:7      | Reached XP level 10. HP: 63/63 MP: 17/21
  8029 | D:7      | Reached skill level 9 in Earth Magic
  8135 | D:7      | Found Metadargh's Book Boutique.
  9737 | D:9      | Noticed a two-headed ogre
  9760 | D:9      | Reached skill level 5 in Dodging
  9795 | D:10     | Entered Level 10 of the Dungeon
 10206 | D:10     | Noticed a boulder beetle
 10348 | D:11     | Noticed a gargoyle
 10351 | D:11     | Found Gavvuzot's General Store.
 10353 | D:11     | HP: 3/65 [gargoyle/stone arrow (28)]
 10358 | D:11     | Killed a gargoyle
 10783 | D:10     | Noticed Snorg
 10783 | D:10     | Noticed a two-headed ogre
 10792 | D:11     | Found a stormy altar of Qazlal.
 11147 | D:11     | Noticed a boulder beetle
 11366 | D:10     | Killed Snorg
 11367 | D:10     | Reached skill level 10 in Earth Magic
 11445 | D:10     | Killed a two-headed ogre
 11446 | D:10     | Reached skill level 5 in Fighting
 11446 | D:10     | Reached XP level 11. HP: 71/71 MP: 17/24
 11569 | D:10     | Noticed a two-headed ogre
 11573 | D:10     | Killed a two-headed ogre
 11574 | D:10     | Reached skill level 5 in Conjurations
 12323 | D:9      | Killed a two-headed ogre
 13296 | D:9      | Reached skill level 11 in Earth Magic
 13500 | D:9      | Found a hide-covered altar of Uskayaw.
 13513 | D:9      | Learned a level 2 spell: Blink
 13519 | D:9      | Learned a level 5 spell: Irradiate
 13597 | D:9      | Reached skill level 10 in Spellcasting
 14030 | D:8      | Found a staircase to the Lair.
 14367 | D:11     | Bought a staff of earth for 300 gold pieces
 14367 | D:11     | Bought a scroll of acquirement for 624 gold pieces
 14367 | D:11     | Bought 2 potions of curing for 72 gold pieces
 14368 | D:11     | Acquired 1297 gold pieces
 14370 | D:11     | Bought a potion of mutation for 96 gold pieces
 14387 | D:12     | Noticed a two-headed ogre
 14388 | D:12     | Found a staircase to the Orcish Mines.
 14918 | Lair:1   | Entered Level 1 of the Lair of Beasts
 14965 | Lair:1   | Noticed Prince Ribbit
 14981 | Lair:1   | Killed Prince Ribbit
 14982 | Lair:1   | Reached XP level 12. HP: 72/79 MP: 8/26
 16333 | D:7      | Bought a manual of Shields for 1040 gold pieces
 16517 | Lair:1   | Reached skill level 1 in Shields
 18376 | Lair:2   | Reached skill level 12 in Earth Magic
 18600 | Lair:2   | Noticed an eight-headed hydra
 18606 | Lair:2   | Killed an eight-headed hydra
 18607 | Lair:2   | Reached skill level 5 in Shields
 18707 | Lair:2   | Found a stormy altar of Qazlal.
 18718 | Lair:2   | Found a runed translucent door.
 19860 | Lair:3   | Reached XP level 13. HP: 46/86 MP: 1/28
 20188 | Lair:3   | Found an opulent altar of Gozag.
 20331 | Lair:3   | Identified the +1 falchion of the World {heavy, Int+3}
 20482 | Lair:3   | Found a hole to the Spider Nest.
 20779 | Orc:1    | Entered Level 1 of the Orcish Mines
 21081 | Lair:3   | Identified the +1 hat of the Wicked God {rC+++ rN+ Regen+
                  | Slay-4}
 21573 | Lair:3   | Found a staircase to the Swamp.
 21724 | Lair:3   | HP: 2/86 [redback (15)]
 21724 | Lair:3   | Demolished by a culicivora

Illustrated notes

Levels and vault maps discovered:
D:1:      dpeg_arrival_rooms_c, layout_loops_ring,
          chequers_ecumenical_altar_island, serial_shops,
          nicolae_shop_temple_entry_statues_fountains,
          dreamdust_mushroom_princess, chequers_serial_rivers_room_b
D:2:      layout_basic, uniq_jessica, uniq_robin, uniq_terence, uniq_sigmund
D:3:      layout_loops_ring, kiku_gazebo_garden_becter,
          mainiacjoe_overflow_24_doors, led_sif_pool,
          hangedman_abyss_or_decor_stabs, minivault_25
D:4:      layout_rooms, serial_corexii_hall, chequers_hall_statues_wall_a,
          chequers_hall_statues_wall_a, gup_sewer_entry_spiral,
          nicolae_kite_square_tiling_tiny, st_stairs_9, nicolae_zen_rock_garden,
          uniq_blork_the_orc, uniq_pikel, uniq_natasha
D:5:      layout_rooms, temple_statues, serial_shops, shop_fountains,
          minmay_bent
D:6:      layout_basic
D:7:      layout_basic, serial_shops, nicolae_diamond_shop
D:8:      layout_cave_pods, minmay_lair_entry_grove
D:9:      argonaut_augean_stables, layout_cave_pools,
          mainiacjoe_overflow_alcove_1, serial_park, serial_park_gazebo
          [serial_park_minivault_5x5_1], serial_park_tiny_1
D:10:     layout_stronghold, lemuel_doored_altar, trog_three_pillars_becter,
          corner_web_ring, uniq_snorg
D:11:     layout_gridville, serial_shops, nicolae_shop_waterfront,
          nicolae_qazlal_general_emergency
D:12:     layout_cave_pools, erik_orc_4
Temple:   eino_temple_rhombus
Lair:1:   layout_hall_layers, uniq_prince_ribbit2
Lair:2:   dreamdust_labyrinth, layout_regular_city, basic_altar, minivault_25,
          grunt_megastairs_3
Lair:3:   layout_regular_city, minmay_swamp_entry_worms,
          nicolae_spider_entry_tight_spaces, basic_altar
Orc:1:    layout_caves, ebering_ghost_disaster_area, uniq_erica, uniq_erolcha,
          uniq_gastronok, uniq_urug

Skill      XL: |  1  2  3  4  5  6  7  8  9 10 11 12 13 |
---------------+----------------------------------------+-----
Stealth        | 3 |  3.3
Spellcasting   | 3 4 5 6 7 9 10 11 | 11.6
Earth Magic    | 4 5 6 7 8 10 11 12 | 12.7
Fighting       | 1 3 5 6 7 |  7.5
Conjurations   | 1 3 4 6 7 |  7.4
Dodging        | 3 4 5 6 7 8 |  8.1
Shields        | 5 |  5.0
Transmutations | |  1.6

Action                     |  1- 3 |  4- 6 |  7- 9 | 10-12 | 13-15 || total
---------------------------+-------+-------+-------+-------+-------++-------
  Melee: Unarmed           |     9 |       |       |       |       ||     9
         Constrict         |     2 |     2 |     3 |     3 |       ||    10
         Dagger            |       |     3 |     6 |       |       ||     9
         Tentacles         |       |     1 |     2 |     7 |     1 ||    11
         Lajatang          |       |       |    15 |     8 |       ||    23
         Staff             |       |       |       |    20 |     3 ||    23
   Cast: Sandblast         |    40 |    81 |    39 |    34 |     4 ||   198
         Stone Arrow       |       |     5 |   100 |   326 |    68 ||   499
         Blink             |       |       |       |       |     1 ||     1
 Invoke: Potion Petition   |       |       |       |     3 |     1 ||     4
         Call Merchant     |       |       |       |       |     1 ||     1
  Evoke: Wand              |       |     7 |     7 |    31 |     1 ||    46
    Use: Scroll            |       |     2 |       |     3 |     1 ||     6
         Potion            |       |     2 |     8 |     5 |     1 ||    16
   Stab: Invisible         |       |       |       |     1 |       ||     1
 Armour: Skin              |     2 |     4 |    19 |    26 |     6 ||    57
  Dodge: Dodged            |    13 |    21 |    35 |   110 |    30 ||   209

Table legend: (Time is in decaauts)
 A = Elapsed time spent in this place.
 B = Non-inter-level travel time spent in this place.
 C = Inter-level travel time spent in this place.
 D = Time resting spent in this place.
 E = Time spent auto-exploring this place.
 F = Levels seen in this place.
 G = Mean time per level.
                   A        B        C        D        E       F      G
               +--------+--------+--------+--------+--------+-----+--------+
         Total |  21831 |  20146 |   1685 |   4572 |  13186 |  18 | 1212.8 |
       Dungeon |  16299 |  14941 |   1358 |   3769 |   9515 |  12 | 1358.2 |
        Temple |    113 |     95 |     18 |      0 |     86 |   1 |  113.0 |
          Lair |   5068 |   4761 |    307 |    800 |   3357 |   3 | 1689.3 |
  Orcish Mines |      4 |      4 |      0 |      0 |      0 |   1 |    4.0 |
         Sewer |    345 |    345 |      0 |      3 |    228 |   1 |  345.0 |
               +--------+--------+--------+--------+--------+-----+--------+

Top non-repeatable levels by time:
     D:8: 2920 daAuts
     D:9: 2210 daAuts
  Lair:2: 1907 daAuts
     D:6: 1713 daAuts
  Lair:3: 1601 daAuts
  Lair:1: 1559 daAuts
     D:7: 1398 daAuts
     D:2: 1380 daAuts
    D:11: 1297 daAuts
    D:10: 1283 daAuts
     D:4: 1253 daAuts
     D:1: 1013 daAuts
     D:5: 788 daAuts
     D:3: 755 daAuts
   Sewer: 345 daAuts
